 Dungeon Crawl Stone Soup version 0.19.5 (webtiles) character file.

18641 Gargoyl the Protected (level 12, -2/103 HPs)
             Began as a Ghoul Abyssal Knight on May 18, 2017.
             Was an Elder of Lugonu.
             Slain by Mellonil's ghost (34 damage)
             ... on level 3 of the Lair of Beasts.
             The game lasted 00:31:15 (13472 turns).

Gargoyl the Protected (Ghoul Abyssal Knight)       Turns: 13472, Time: 00:31:16

Health: -2/103     AC: 22    Str: 17    XL:     12   Next: 60%
Magic:  14/18      EV:  6    Int:  7    God:    Lugonu [****..]
Gold:   438        SH:  5    Dex: 14    Spells: 0 memorised, 11 levels left

rFire  + . .     SeeInvis .     n - +5 hand axe
rCold  + . .     Gourm    +     o - +2 plate armour
rNeg   + + +     Faith    .     k - +0 buckler
rPois  ∞         Spirit   .     (no helmet)
rElec  .         Reflect  .     x - +1 cloak {rPois}
rCorr  +         Harm     .     b - +0 pair of gloves
MR     +....                    e - +0 pair of boots
Stlth  ..........               A - amulet "Wekaghetoa" {Gourm rF+ Dex+2}
                                i - ring of resist corrosion
                                h - ring of protection from magic

@: rotting
A: rotting body, claws 1, carnivore 3, cold resistance 1, negative energy
resistance 3, slow regeneration 1, torment resistance, unbreathing
a: Depart the Abyss, Bend Space, Banish, Corrupt, Renounce Religion


You were on level 3 of the Lair of Beasts.
You worshipped Lugonu.
Lugonu was greatly pleased with you.
You were not hungry.

You visited 2 branches of the dungeon, and saw 13 of its levels.
You visited the Abyss 1 time.

You collected 638 gold pieces.
You spent 200 gold pieces at shops.

Inventory:

Hand Weapons
 a - a +1 hand axe of flaming
 n - a +5 hand axe (weapon)
 v - a +0 war axe
Missiles
 l - 11 tomahawks (quivered)
Armour
 b - a +0 pair of gloves (worn)
 e - a +0 pair of boots (worn)
 k - a +0 buckler (worn)
 o - a +2 plate armour (worn)
 x - a +1 cloak of poison resistance (worn)
Jewellery
 h - a ring of protection from magic (left hand)
 i - a ring of resist corrosion (right hand)
 A - the amulet "Wekaghetoa" (around neck) {Gourm rF+ Dex+2}
   (You found it on level 9 of the Dungeon)

   [amulet of the gourmand]

   It allows you to eat raw meat even when not hungry.
   It affects your dexterity (+2).
   It protects you from fire.
Wands
 F - a wand of acid (8/15)
 G - a wand of confusion (26/48)
 I - a wand of paralysis (13/24)
Scrolls
 f - 5 scrolls of identify
 r - 8 scrolls of remove curse
 s - a scroll of recharging
 w - a scroll of fear
 y - 3 scrolls of teleportation
 E - a scroll of amnesia
Potions
 d - 3 potions of brilliance
 j - 2 potions of curing
 p - a potion of cancellation
 q - 5 potions of haste
 t - a potion of resistance
 B - a potion of might {unknown}
 C - 3 potions of ambrosia {unknown}
 D - 3 potions of agility
 H - a potion of lignification {unknown}
Books
 z - a book of Frost

   Spells                             Type                      Level
   a - Freeze                         Ice                          1
   b - Throw Frost                    Conjuration/Ice              2
   c - Ozocubu's Armour               Charms/Ice                   3
   d - Throw Icicle                   Conjuration/Ice              4
   e - Summon Ice Beast               Ice/Summoning                4
Comestibles
 c - 6 meat rations
 g - 3 royal jellies
 m - 8 beef jerkies
 u - a slice of pizza


   Skills:
 + Level 8.8 Fighting
 + Level 10.1 Axes
 + Level 1.1 Throwing
 * Level 11.1 Armour
 + Level 1.6 Dodging
 + Level 4.2 Shields
 * Level 9.8 Invocations


You had 11 spell levels left.
You didn't know any spells.

Dungeon Overview and Level Annotations

Branches:
Dungeon (10/15)            Temple (0/1) D:5            Lair (3/6) D:10
 Spider (0/4) Lair:2
  Swamp: Lair:2-4    Shoals: Lair:2-4       Orc: D:9-12

Altars:
Ashenzari
Cheibriados
Elyvilon
Gozag
Nemelex Xobeh
Ru
Vehumet
Xom
Yredelemnul
Zin
The Shining One

Shops:
D:4 ??*}:

Annotations:
D:4 exclusion: statue
D:8 4 runed doors
Lair:3 Mellonil's ghost, journeyman MiBe
Abyss:1 Prince Ribbit


Innate Abilities, Weirdness & Mutations

Your body is rotting away.
You thrive on raw meat.
You are immune to poison.
You have sharp fingernails.
You are carnivorous and can eat meat at any time.
Your flesh is cold resistant. (rC+)
You are immune to negative energy. (rN+++)
You regenerate slowly when monsters are visible.
You are immune to unholy pain and torment.
You can survive without breathing.


Message History

You barely miss the porcupine.
The porcupine is moderately wounded.
Your plate armour prevents you from hitting Mellonil's ghost.
Your plate armour prevents you from hitting the porcupine.
The porcupine is moderately wounded.
You hit Mellonil's ghost but do no damage.
The porcupine bites you but does no damage.
Mellonil's ghost hits you!
You are electrocuted!
You slash the porcupine!
The porcupine is almost dead.
You hit Mellonil's ghost.
The porcupine bites you but does no damage.
You block Mellonil's ghost's attack.
Unknown command.
Press: ? - help, Shift-Dir - straight line, f - eight-headed hydra
Aim: an eight-headed hydra (chance to defeat MR: 57%)
The eight-headed hydra resists with significant effort.
You feel somewhat more hungry. The porcupine barely misses you.
Mellonil's ghost hits you!!
You die...

...###.### #.....##..
...##....# #.....#.. .
#...#....# #......# ..
P........# #.....## ...
...#.###.###......#....
...##.##..##.<.........
P..P#.##..##.....###..#
#..................#####
#...............@r......
#...............DW......
#.......................
#................##.###.
#................# #.#
#..###P..........+ ..#
... ....##......P .P#
#....<.. .+


You could see an eight-headed hydra, a porcupine and Mellonil's ghost.

Vanquished Creatures
  A hydra (Lair:1)
  A centaur warrior (D:10)
  Sonja (D:10)
  2 hill giants (D:10)
  The ghost of Peloso the Slasher, a novice MiFi of Okawaru (D:6)
  A centaur zombie (D:10)
  4 spiny frogs
  Joseph (D:9)
  A black mamba (Lair:1)
  A gargoyle (D:10)
  A rime drake (Lair:1)
  A jumping spider (Lair:2)
  Grinder (D:3)
  5 blink frogs (Lair:2)
  4 hippogriffs
  A redback (Lair:2)
  A wyvern (D:10)
  Sigmund (D:5)
  20 yaks
  A hungry ghost (D:9)
  Edmund (D:4)
  A hell hound (D:10)
  4 orc warriors
  Duvessa (D:6)
  4 water moccasins
  6 porcupines
  2 sky beasts
  2 necrophages
  2 phantoms (D:9)
  5 ogres
  A centaur (D:9)
  A big kobold (D:6)
  6 crocodiles
  10 bullfrogs
  Dowan (D:6)
  2 scorpions
  8 killer bees
  7 wights
  4 howler monkeys
  4 crimson imps
  A bullfrog zombie (D:7)
  5 orc priests
  2 jellies
  Crazy Yiuf (D:5)
  7 hounds
  8 orc wizards
  3 iguanas
  A centaur skeleton (D:9)
  2 worker ants
  Natasha (thrice) (D:3)
  A hound zombie (D:5)
  A hound skeleton (D:6)
  2 worker ant zombies
  7 adders
  4 gnolls
  5 shadow imps
  An adder zombie (D:6)
  An adder skeleton (D:5)
  2 worms (D:2)
  3 dart slugs
  3 leopard geckos
  32 orcs
  9 giant cockroaches
  3 goblins
  9 hobgoblins
  11 jackals
  2 quokkas
  2 ball pythons
  8 bats
  6 frilled lizards
  2 goblin skeletons (D:8)
  A goblin zombie (D:8)
  3 hobgoblin zombies (D:8)
  13 kobolds
  2 kobold zombies (D:8)
  A leopard gecko skeleton (D:4)
  A quokka skeleton (D:5)
  8 rats
  2 fungi
300 creatures vanquished.

Vanquished Creatures (collateral kills)
  A porcupine (Lair:1)
1 creature vanquished.

Vanquished Creatures (others)
  A hill giant (D:9)
  3 jumping spiders (Lair:2)
  A vampire (D:9)
  A hell hound (D:10)
  A big kobold (D:9)
  A hound (D:6)
  A kobold (D:6)
  3 fungi (Lair:2)
  A plant (Lair:2)
13 creatures vanquished.

Grand Total: 314 creatures vanquished

Notes
Turn   | Place    | Note
-------+----------+-------------------------------------------
     0 | Abyss:1  | Gargoyl the Ghoul Abyssal Knight began the quest for the Orb.
     0 | Abyss:1  | Reached XP level 1. HP: 19/19 MP: 1/1
    58 | Abyss:1  | Noticed a wolf spider zombie
    65 | Abyss:1  | Noticed a small abomination
    88 | Abyss:1  | Noticed a deep elf sorcerer
    88 | D:1      | Escaped the Abyss
   180 | D:1      | Reached XP level 2. HP: 22/27 MP: 2/2
   252 | D:1      | Reached * piety under Lugonu
   252 | D:1      | Reached skill level 2 in Armour
   651 | D:1      | Reached XP level 3. HP: 33/33 MP: 3/3
   847 | D:2      | Found a faded altar of an unknown god.
  1276 | D:3      | Noticed Natasha
  1281 | D:3      | Reached XP level 4. HP: 37/40 MP: 5/5
  1286 | D:3      | Killed Natasha
  1360 | D:3      | Reached ** piety under Lugonu
  1412 | D:3      | Reached XP level 5. HP: 39/46 MP: 6/6
  1476 | D:3      | Found a glowing silver altar of Zin.
  1519 | D:3      | Found a white marble altar of Elyvilon.
  1555 | D:3      | Noticed Natasha
  1572 | D:3      | Killed Natasha
  1572 | D:3      | Reached skill level 3 in Armour
  1613 | D:3      | Noticed Natasha
  1627 | D:3      | Killed Natasha
  1793 | D:3      | Noticed Grinder
  1804 | D:3      | Paralysed by Grinder for 3 turns
  1828 | D:3      | Paralysed by Grinder for 2 turns
  1843 | D:3      | Paralysed by Grinder for 6 turns
  1883 | D:3      | Killed Grinder
  1883 | D:3      | Reached skill level 4 in Armour
  1883 | D:3      | Reached XP level 6. HP: 33/53 MP: 7/7
  2011 | D:4      | Found a radiant altar of Vehumet.
  2033 | D:4      | Noticed Edmund
  2088 | D:4      | Killed Edmund
  2088 | D:4      | Reached XP level 7. HP: 24/60 MP: 8/8
  2278 | D:4      | Found Xetil's Book Emporium.
  2391 | D:4      | Found Veewkid's General Store.
  2402 | D:4      | Found Kuywuisk's Magic Scroll Boutique.
  2507 | D:4      | Found Qirphi Cua's Gadget Emporium.
  2603 | D:4      | Found Daet's Magic Scroll Boutique.
  2756 | D:5      | Entered Level 5 of the Dungeon
  3003 | D:4      | Bought a scroll of brand weapon for 200 gold pieces
  3139 | D:5      | Reached skill level 5 in Armour
  3241 | D:5      | Found a snail-covered altar of Cheibriados.
  3267 | D:5      | Found a staircase to the Ecumenical Temple.
  3463 | D:5      | Found a sparkling altar of Nemelex Xobeh.
  3680 | D:5      | Found a runed door.
  3822 | D:5      | Noticed Crazy Yiuf
  3838 | D:5      | Killed Crazy Yiuf
  3896 | D:6      | Found a basalt altar of Yredelemnul.
  3903 | D:6      | Noticed Dowan
  3921 | D:5      | Reached XP level 8. HP: 39/67 MP: 10/10
  4016 | D:5      | Reached skill level 5 in Fighting
  4042 | D:6      | Noticed Sigmund
  4068 | D:5      | Killed Sigmund
  4068 | D:5      | Reached skill level 5 in Axes
  4090 | D:6      | Killed Dowan
  4147 | D:6      | Noticed Duvessa
  4194 | D:6      | Killed Duvessa
  4194 | D:6      | Reached skill level 6 in Armour
  4229 | D:6      | Reached *** piety under Lugonu
  4314 | D:6      | Reached skill level 5 in Invocations
  4447 | D:6      | Noticed Peloso's ghost (novice MiFi)
  4529 | D:6      | Killed Peloso's ghost
  4529 | D:6      | Reached skill level 1 in Dodging
  4529 | D:6      | Reached skill level 1 in Shields
  4529 | D:6      | Reached XP level 9. HP: 22/73 MP: 11/11
  4661 | D:6      | Found a sacrificial altar of Ru.
  4880 | D:6      | Found an opulent altar of Gozag.
  4880 | D:6      | Found a shimmering altar of Xom.
  5258 | D:7      | Reached skill level 7 in Armour
  5761 | D:7      | Noticed Prince Ribbit
  5768 | D:7      | Banished Prince Ribbit
  5969 | D:7      | Found a shattered altar of Ashenzari.
  6254 | D:7      | Reached XP level 10. HP: 51/81 MP: 13/13
  6522 | D:7      | Reached skill level 8 in Armour
  6741 | D:8      | Found a glowing golden altar of the Shining One.
  6882 | D:8      | Reached **** piety under Lugonu
  7152 | D:8      | Found a huge runed gate.
  7152 | D:8      | Found a huge runed gate.
  7152 | D:8      | Found a huge runed gate.
  7152 | D:8      | Noticed a manticore
  7153 | D:8      | Noticed a manticore
  7154 | D:8      | Noticed a death yak
  7154 | D:8      | Found a huge runed gate.
  7717 | D:9      | Noticed Joseph
  7764 | D:9      | Killed Joseph
  7764 | D:9      | Reached XP level 11. HP: 82/92 MP: 15/15
  7890 | D:9      | Got a warped brass amulet
  7892 | D:9      | Identified the amulet "Wekaghetoa" {Gourm rF+ Dex+2} (You found it on level 9 of the Dungeon)
  7994 | D:10     | Entered Level 10 of the Dungeon
  7994 | D:10     | Found a staircase to the Lair.
  7997 | D:10     | Noticed a hill giant
  8034 | D:9      | Reached skill level 9 in Armour
  8078 | D:10     | Noticed a centaur warrior
  8078 | D:10     | Noticed an eight-headed hydra
  8083 | D:10     | Banished an eight-headed hydra
  8219 | D:9      | Banished a hill giant
  8509 | D:10     | Killed a centaur warrior
  8812 | D:10     | Noticed Sonja
  8886 | D:10     | Killed Sonja
  8944 | D:10     | Noticed a hill giant
  8976 | D:10     | Killed a hill giant
  9447 | D:10     | Noticed a hill giant
  9461 | D:10     | Killed a hill giant
  9461 | D:10     | Reached skill level 1 in Throwing
  9704 | Lair:1   | Entered Level 1 of the Lair of Beasts
  9813 | Lair:1   | Reached skill level 10 in Armour
 10625 | Lair:1   | Noticed a seven-headed hydra
 10643 | Lair:1   | Killed a one-headed hydra
 10643 | Lair:1   | Reached XP level 12. HP: 30/101 MP: 17/17
 12493 | Lair:2   | Reached skill level 10 in Axes
 12846 | Lair:2   | Found a hole to the Spider Nest.
 12903 | Lair:2   | Reached skill level 11 in Armour
 13462 | Lair:3   | Noticed Mellonil's ghost (journeyman MiBe)
 13465 | Lair:3   | Noticed an eight-headed hydra
 13472 | Lair:3   | Slain by Mellonil's ghost

Skill      XL: |  1  2  3  4  5  6  7  8  9 10 11 12 |
---------------+-------------------------------------+-----
Armour         | 2 4 5 6 7 8 10 11 | 11.1
Axes           | 2 3 4 6 7 8 9 10 | 10.1
Fighting       | 4 5 6 7 8 |  8.8
Invocations    | 3 4 5 6 7 9 |  9.8
Dodging        | 1 |  1.6
Shields        | 1 2 3 4 |  4.2
Throwing       | 1 |  1.1

Action                   |  1- 3 |  4- 6 |  7- 9 | 10-12 || total
-------------------------+-------+-------+-------+-------++-------
Melee: Hand axe          |   119 |   230 |   652 |  1037 ||  2038
Throw: Tomahawk          |       |       |     5 |     6 ||    11
Invok: Depart the Abyss  |     1 |       |       |       ||     1
       Banish            |       |       |     2 |    10 ||    12
       Bend Space        |       |       |       |     1 ||     1
  Use: Scroll            |     7 |       |    15 |    10 ||    32
       Potion            |       |     5 |     3 |     2 ||    10
  Eat: Chunk             |    14 |    29 |    34 |   176 ||   253
Armor: Chain mail        |   106 |       |       |       ||   106
       Plate armour      |    34 |   224 |   577 |   812 ||  1647
Dodge: Dodged            |    62 |    60 |   149 |   309 ||   580
Block: Buckler           |       |       |   102 |   253 ||   355
